 Dungeon Crawl Stone Soup version 0.27-a0-1147-gb3d8e82157 (webtiles) character file.

Game seed: 12506130447356079741

1404 Bapho the Blocker (level 8, -1/46 HPs)
             Began as a Gargoyle Fighter on May 11, 2021.
             Slain by a gnoll sergeant
             ... wielding a +5 vorpal trident
              (2 damage)
             ... on level 4 of the Dungeon.
             The game lasted 00:11:24 (6202 turns).

Bapho the Blocker (Gargoyle Fighter)                Turns: 6202, Time: 00:11:25

Health: -1/46      AC: 14    Str: 22    XL:     8   Next: 70%
Magic:  8/8        EV:  8    Int:  9    God:
Gold:   286        SH: 11    Dex:  9    Spells: 7/7 levels left

rFire    . . .     SeeInvis .   a - +1 morningstar (freeze)
rCold    . . .     Faith    .   c - +0 kite shield
rNeg     + . .     Spirit   .   l - +0 scale mail
rPois    ∞         Reflect  .   i - +0 helmet
rElec    +         Harm     .   (no cloak)
rCorr    .         Rampage  .   (no gloves)
Will     .....                  q - +0 pair of boots
Stlth    ..........             (no amulet)
HPRegen  0.15/turn              (no ring)
MPRegen  0.11/turn              (no ring)

@: mighty
A: sickness immunity, AC +5, negative energy resistance 1, electricity
resistance, torment resistance 1, petrification resistance
a: no special abilities


You were on level 4 of the Dungeon.
You visited 1 branch of the dungeon, and saw 5 of its levels.

You collected 316 gold pieces.
You spent 30 gold pieces at shops.

Inventory:

Hand Weapons
 a - a +1 morningstar of freezing (weapon)
 b - a +0 hunting sling
 r - a +0 flail
Missiles
 g - 112 stones (quivered)
Armour
 c - a +0 kite shield (worn)
 i - a +0 helmet (worn)
 l - a +0 scale mail (worn)
 q - a +0 pair of boots (worn)
Jewellery
 d - a ring of magical power
 s - an amulet of magic regeneration
Wands
 k - a wand of digging (5)
 w - a wand of flame (6)
Scrolls
 e - 2 scrolls of brand weapon
 f - a scroll of blinking
 j - a scroll of amnesia
 p - 3 scrolls of teleportation
Potions
 h - 5 potions of flight
 m - 2 potions of brilliance
 t - a potion of curing


   Skills:
 - Level 3.2 Fighting
 + Level 7.6 Maces & Flails
 - Level 3.2 Armour
 + Level 8.7 Shields


You had 7 spell levels left.
You didn't know any spells.
Your spell library was empty.

Dungeon Overview and Level Annotations

Branches:
Dungeon (5/15)             Temple (0/1) D:5

Altars:
Elyvilon
Gozag

Shops:
D:3 (   D:5 ?


Innate Abilities, Weirdness & Mutations

You are immune to sickness and miasma.
Your stone body is resilient. (AC +5)
You are immune to poison.
You resist negative energy. (rN+)
You are resistant to electric shocks. (rElec)
You are resistant to unholy torment.
You are immune to petrification.


Message History

The gnoll sergeant hits you from afar with a +5 vorpal trident.
* * * LOW HITPOINT WARNING * * *
x2 You climb upwards.
There is a stone staircase leading down here.
You start resting.
You start resting.
HP restored.
You start waiting.
Done waiting.
You can't go up here!
You climb downwards.
There is a stone staircase leading up here.
The gnoll sergeant hits you with a +5 vorpal trident!
The gnoll hits you from afar with a +0 spear.
There is a stone staircase leading up here.
You block the gnoll's attack.
The gnoll sergeant hits you with a +5 vorpal trident.
You block the gnoll's attack.
You climb upwards.
There is a stone staircase leading down here.
You hit the gnoll sergeant. You freeze the gnoll sergeant.
The gnoll sergeant is lightly wounded.
You block the gnoll sergeant's attack.
You closely miss the gnoll sergeant.
The gnoll sergeant is lightly wounded.
The gnoll sergeant hits you with a +5 vorpal trident.
The gnoll sergeant hits you with a +5 vorpal trident!
* * * LOW HITPOINT WARNING * * *
x2 It was a potion of curing.
You feel better. You block the gnoll sergeant's attack.
You feel very mighty all of a sudden. You block the gnoll sergeant's attack.
You closely miss the gnoll sergeant.
The gnoll sergeant is lightly wounded.
You block the gnoll sergeant's attack.
You barely miss the gnoll sergeant.
The gnoll sergeant is lightly wounded.
The gnoll sergeant hits you with a +5 vorpal trident!
* * * LOW HITPOINT WARNING * * *
You die...

...#####..##.#...#
.#..[..#..##.#..[#
######...>.......# #
##.##....#...## #
##......#.##...#
####..###.##.##.#.#
#....## #.##.##.#.##
..#.## #.##.##.g..#
###.# #.##.##.@..#
....# #.##.##....#
##### #..#.......# #
##.........# ##
#.........#
.#########.........#
......#...#.########
#####.....#..# #
###.<.##.#####


You could see a gnoll sergeant.

Vanquished Creatures
  Grinder (D:5)
  A water moccasin (D:5)
  Duvessa (D:5)
  2 sky beasts
  An ogre (D:5)
  A phantom (D:5)
  A scorpion (D:5)
  Dowan (D:5)
  A wyvern zombie (D:5)
  A jelly (D:4)
  An orc priest (D:4)
  A centaur skeleton (D:4)
  A hound (D:4)
  Terence (D:2)
  2 iguanas
  4 orc wizards
  4 gnolls (D:5)
  4 adders
  An ufetubus (D:4)
  An adder skeleton (D:4)
  A worm (D:4)
  3 dart slugs
  9 orcs
  10 ball pythons
  3 bats
  6 endoplasms
  4 giant cockroaches
  7 hobgoblins
  6 jackals
  2 quokkas
  7 frilled lizards
  13 goblins
  A jackal skeleton (D:4)
  7 kobolds
  8 rats
118 creatures vanquished.

Notes
Turn   | Place    | Note
-------+----------+-------------------------------------------
     0 | D:1      | Bapho the Gargoyle Fighter began the quest for the Orb.
     0 | D:1      | Reached XP level 1. HP: 14/14 MP: 1/1
   126 | D:1      | Reached XP level 2. HP: 18/19 MP: 2/2
   403 | D:1      | Reached XP level 3. HP: 22/23 MP: 3/3
   421 | D:1      | Reached skill level 4 in Shields
  1445 | D:2      | Reached XP level 4. HP: 19/28 MP: 4/4
  1650 | D:2      | Noticed Terence
  1668 | D:2      | Killed Terence
  2094 | D:3      | Reached XP level 5. HP: 32/32 MP: 5/5
  2101 | D:3      | You fall into a shaft and drop 2 floors!
  2101 | D:5      | Entered Level 5 of the Dungeon
  2101 | D:5      | Found Gein's Magic Scroll Emporium.
  2115 | D:5      | Bought a scroll of identify for 30 gold pieces
  2147 | D:5      | Noticed a phantom
  2166 | D:5      | Killed a phantom
  2167 | D:5      | Reached skill level 5 in Shields
  2252 | D:5      | Noticed Duvessa
  2275 | D:5      | Noticed Dowan
  2294 | D:5      | Reached XP level 6. HP: 29/37 MP: 6/6
  2303 | D:5      | Killed Duvessa
  2304 | D:5      | Reached skill level 5 in Maces & Flails
  2304 | D:5      | Reached skill level 6 in Shields
  2314 | D:5      | Killed Dowan
  2315 | D:5      | Reached XP level 7. HP: 6/41 MP: 7/7
  2952 | D:3      | Found Ecyfiy's Antique Weapon Shop.
  3647 | D:4      | Found an opulent altar of Gozag.
  3702 | D:4      | Found a white marble altar of Elyvilon.
  3764 | D:4      | Identified the +0 cloak of the Jolly People {Harm Fly rF-
                  | SInv}
  3933 | D:4      | Reached skill level 7 in Shields
  4877 | D:5      | Reached XP level 8. HP: 46/46 MP: 8/8
  5007 | D:5      | Reached skill level 8 in Shields
  5568 | D:5      | Noticed Grinder
  5588 | D:5      | Killed Grinder
  5767 | D:5      | HP: 1/46 [gnoll sergeant/+5 vorpal trident (2)]
  5793 | D:5      | HP: 2/46 [gnoll sergeant/+5 vorpal trident (3)]
  6202 | D:4      | HP: 1/46 [gnoll sergeant/+5 vorpal trident (10)]
  6202 | D:4      | Slain by a gnoll sergeant

Illustrated notes

Levels and vault maps discovered:
D:1:      dpeg_arrival_tiny_a, layout_basic, minmay_bisected
D:2:      layout_rooms, uniq_terence
D:3:      layout_basic, serial_shops, shop, chequers_serial_rivers_room_a
D:4:      minmay_general_purpose_star, layout_rooms, grunt_temple_overflow_open
D:5:      layout_cave_pods, minmay_temple_entry_fiery, serial_shops, shop,
          ebering_ghost_reflecting_pool, uniq_duvessa, uniq_grinder

Skill      XL: |  1  2  3  4  5  6  7  8 |
---------------+-------------------------+-----
Shields        | 4 5 6 7 8 |  8.7
Maces & Flails | 3 4 5 6 7 |  7.6
Fighting       | |  3.2
Armour         | |  3.2

Action                   |  1- 3 |  4- 6 |  7- 9 || total
-------------------------+-------+-------+-------++-------
Melee: Flail             |   143 |   101 |    84 ||   328
       Morningstar       |       |       |   112 ||   112
       Hunting sling     |       |       |     2 ||     2
 Fire: Hunting sling     |     9 |    29 |    89 ||   127
Throw: Stone             |    47 |     7 |    15 ||    69
  Use: Scroll            |       |     3 |     7 ||    10
       Potion            |       |     2 |     2 ||     4
Armor: Scale mail        |    77 |    56 |   147 ||   280
Dodge: Dodged            |    48 |    32 |    70 ||   150
Block: Kite shield       |    91 |    75 |   130 ||   296

Table legend: (Time is in decaauts)
 A = Elapsed time spent in this place.
 B = Non-inter-level travel time spent in this place.
 C = Inter-level travel time spent in this place.
 D = Time resting spent in this place.
 E = Time spent auto-exploring this place.
 F = Levels seen in this place.
 G = Mean time per level.
                   A        B        C        D        E       F      G
               +--------+--------+--------+--------+--------+-----+--------+
         Total |   6390 |   6278 |    112 |    962 |   4018 |   5 | 1278.0 |
       Dungeon |   6390 |   6278 |    112 |    962 |   4018 |   5 | 1278.0 |
               +--------+--------+--------+--------+--------+-----+--------+

Top non-repeatable levels by time:
     D:5: 1709 daAuts
     D:4: 1283 daAuts
     D:3: 1230 daAuts
     D:1: 1212 daAuts
     D:2: 953 daAuts
